 Dungeon Crawl Stone Soup version 0.21.1-1-g345015fe64 (webtiles) character file.

6377 ruku the Cleaver (level 10, -5/89 HPs)
             Began as a Hill Orc Fighter on June 15, 2018.
             Was a Priest of Nemelex Xobeh.
             Killed from afar by a bullfrog skeleton (25 damage)
             ... with an exploding inner flame
             ... hexed by the player character
             ... on level 10 of the Dungeon on June 16, 2018.
             The game lasted 01:23:48 (9025 turns).

ruku the Cleaver (Hill Orc Fighter)                 Turns: 9025, Time: 01:23:49

Health: -5/89      AC: 13    Str: 22      XL:     10   Next: 97%
Magic:  10/10      EV:  4    Int:  8      God:    Nemelex Xobeh [***...]
Gold:   513        SH: 22    Dex: 10 (11) Spells: 9/9 levels left

rFire    . . .     SeeInvis +   x - +14 obsidian axe {chop, +Fly SInv *Curse}
rCold    . . .     Gourm    .   H - +2 large shield {rN+}
rNeg     + . .     Faith    .   g - +0 plate armour
rPois    +         Spirit   .   (no helmet)
rElec    .         Reflect  +   (no cloak)
rCorr    .         Harm     .   (no gloves)
MR       .....                  (no boots)
Stlth    ..........             D - +3 amulet of reflection
HPRegen  0.24/turn              o - +1 ring of slaying
MPRegen  0.12/turn              t - ring of poison resistance

@: flying, mesmerised, very slightly contaminated, invisible
A: no striking features
a: Triple Draw, Renounce Religion


You were on level 10 of the Dungeon.
You worshipped Nemelex Xobeh.
Nemelex Xobeh was most pleased with you.
You were not hungry.

You visited 2 branches of the dungeon, and saw 11 of its levels.

You collected 513 gold pieces.

Inventory:

Hand Weapons
 a - a +3 war axe
 l - a +3 battleaxe
 w - a +1 flail of holy wrath
 x - the +14 obsidian axe (weapon) {chop, +Fly SInv *Curse}
   (You found it on level 4 of the Dungeon)

   It inflicts extra damage upon your enemies.
   It lets you see invisible.
   It lets you fly.
   It curses itself when equipped.
 F - a +3 great sword
 G - a cursed -3 falchion
 O - a +3 war axe
 P - a cursed -2 short sword
 S - a +0 dagger of speed
 T - a +1 scimitar of flaming
Missiles
 k - 212 stones (quivered)
Armour
 c - a cursed +0 scale mail
 g - a +0 plate armour (worn)
 q - a +0 pair of boots
 H - a +2 large shield of positive energy (worn)
 Y - a +0 robe of magic resistance
Jewellery
 o - a +1 ring of slaying (left hand)
 r - an uncursed ring of flight {unknown}
 t - a ring of poison resistance (right hand)
 z - a +2 ring of dexterity {unknown}
 D - a +3 amulet of reflection (around neck)
 L - an uncursed ring of protection from fire {unknown}
Wands
 B - a wand of random effects (19)
 K - a wand of iceblast (11)
Scrolls
 i - a scroll of holy word {unknown}
 j - 2 scrolls of blinking
 s - a scroll of magic mapping
 C - 3 scrolls of random uselessness
 I - a scroll of remove curse
 J - 4 scrolls of amnesia
 M - a scroll of teleportation
 Q - a scroll of fog {unknown}
 R - a scroll of fear {unknown}
 U - a scroll of noise {unknown}
 V - 2 scrolls of immolation
 X - 2 scrolls of enchant weapon
Potions
 b - a potion of heal wounds {unknown}
 e - a potion of lignification {unknown}
 m - 2 potions of curing
 n - 4 potions of agility
 W - 2 potions of flight
 Z - a potion of brilliance {unknown}
Books
 v - a book of Misfortune

   Spells                             Type                      Level
   a - Confusing Touch                Hexes                        1
   b - Confuse                        Hexes                        3
   c - Gell's Gravitas                Translocation                3
   d - Petrify                        Transmutation/Earth          4
   e - Metabolic Englaciation         Hexes/Ice                    5
   f - Yara's Violent Unravelling     Hexes/Transmutation          5
 N - a book of Cantrips

   Spells                             Type                      Level
   a - Confusing Touch                Hexes                        1
   b - Animate Skeleton               Necromancy                   1
   c - Summon Small Mammal            Summoning                    1
   d - Apportation                    Translocation                1
Miscellaneous
 d - a plain deck of escape {drawn: 1}
 p - a plain deck of destruction
 u - a phial of floods
 A - a legendary deck of summoning
 E - a legendary deck of escape
Comestibles
 f - 16 rations


   Skills:
 + Level 8.3 Fighting
 + Level 13.8 Axes
 + Level 7.3 Armour
 + Level 1.7 Dodging
 + Level 1.2 Stealth
 + Level 9.2 Shields


You had 9 spell levels left.
You didn't know any spells.

Dungeon Overview and Level Annotations

Branches:
Dungeon (10/15)            Temple (1/1) D:4            Lair (0/6) D:8
    Orc: D:9-12

Altars:
Cheibriados
Dithmenos
Elyvilon
Fedhas
Gozag
Kikubaaqudgha
Nemelex Xobeh
Qazlal
Ru
Sif Muna
Uskayaw
Wu Jian
Yredelemnul
Zin
The Shining One

Shops:
D:7 =

Annotations:
D:2 1 exclusion


Message History

You are too injured to fight recklessly!
As you read the scroll of immolation, it crumbles to dust.
The creatures around you are filled with an inner flame!
The wyvern hisses angrily.
The bullfrog skeleton hits you but does no damage.
You block the wyvern's attack.
You block the bullfrog skeleton's attack.
You slice the bullfrog skeleton!!
The bullfrog skeleton is almost destroyed.
You slash the wyvern!
Visions of slaying the wyvern flood into your mind.
The wyvern bites you.
* * * LOW HITPOINT WARNING * * *
You block the bullfrog skeleton's attack.
You catch the helpless bullfrog skeleton completely off-guard!
You slash the bullfrog skeleton!
The bullfrog skeleton explodes!
The fiery explosion engulfs you!
You die...
Your body disappears without a glow.

#.........#
#.........#
###.........#
...........#
#
#.........#.#
#....<......#
#..§§.....#
#..§)@l.?.#
#..§.§....#
#######.###
.# #


You could see a wyvern (inner flame).

Vanquished Creatures
  Erica (D:8)
  The ghost of Gedi the Chopper, a novice MiAK of Lugonu (D:4)
  Joseph (D:8)
  A hippogriff (D:9)
  A wyvern (D:8)
  The ghost of Gedi the Chopper, an amateur MiAK of Lugonu (D:3)
  Menkaure (D:7)
  Duvessa (D:4)
  2 hell hounds (D:8)
  2 orc warriors
  A water moccasin (D:9)
  3 ice beasts
  3 sky beasts
  2 necrophages
  4 ogres
  2 centaurs (D:9)
  6 bullfrogs
  A wyvern zombie (D:9)
  A scorpion (D:5)
  Dowan (D:4)
  6 killer bees (D:8)
  10 wights
  6 crimson imps
  A quasit (D:9)
  A bullfrog zombie (D:9)
  6 hounds
  A bullfrog skeleton (D:4)
  A gnoll shaman (D:9)
  5 orc priests
  11 orc wizards
  Ijyb (D:3)
  7 worker ants
  A worker ant zombie (D:9)
  4 gnolls (D:9)
  12 adders
  3 shadow imps
  2 oozes (D:1)
  An adder skeleton (D:9)
  A worm (D:2)
  4 dart slugs
  5 leopard geckos
  32 orcs
  8 bats
  9 giant cockroaches
  15 goblins
  9 hobgoblins
  14 jackals
  4 quokkas
  2 ball pythons
  3 frilled lizards
  7 kobolds
  A leopard gecko zombie (D:7)
  7 rats
236 creatures vanquished.

Vanquished Creatures (collateral kills)
  A necrophage (D:8)
  An orc priest (D:9)
  A centaur skeleton (D:5)
  A worker ant (D:7)
  3 jackals (D:5)
7 creatures vanquished.

Grand Total: 243 creatures vanquished

Notes
Turn   | Place    | Note
-------+----------+-------------------------------------------
     0 | D:1      | ruku the Hill Orc Fighter began the quest for the Orb.
     0 | D:1      | Reached XP level 1. HP: 19/19 MP: 1/1
   110 | D:1      | Reached XP level 2. HP: 27/27 MP: 2/2
   147 | D:1      | Reached skill level 3 in Axes
   240 | D:1      | Reached XP level 3. HP: 28/33 MP: 3/3
   711 | D:2      | Reached skill level 4 in Axes
   711 | D:2      | Reached XP level 4. HP: 29/40 MP: 4/4
  1243 | D:2      | Reached XP level 5. HP: 46/46 MP: 5/5
  1247 | D:2      | Found a faded altar of an unknown god.
  1698 | D:3      | Reached skill level 5 in Axes
  1768 | D:3      | Noticed Ijyb
  1776 | D:3      | Killed Ijyb
  1980 | D:3      | Reached XP level 6. HP: 53/53 MP: 6/6
  2011 | D:3      | Noticed Gedi's ghost (amateur MiAK)
  2168 | D:4      | Noticed Gedi's ghost (novice MiAK)
  2287 | D:3      | Killed Gedi's ghost
  2287 | D:3      | Reached skill level 6 in Axes
  2287 | D:3      | Reached skill level 1 in Dodging
  2537 | D:3      | Reached skill level 7 in Axes
  2537 | D:3      | Reached skill level 5 in Shields
  2537 | D:3      | Reached XP level 7. HP: 41/60 MP: 7/7
  2951 | D:4      | Noticed Duvessa
  2952 | D:4      | Noticed Dowan
  2959 | D:4      | Killed Dowan
  2970 | D:4      | Killed Duvessa
  3162 | D:4      | Reached skill level 5 in Fighting
  3184 | D:4      | Killed Gedi's ghost
  3184 | D:4      | Reached skill level 8 in Axes
  3184 | D:4      | Reached skill level 5 in Armour
  3184 | D:4      | Reached XP level 8. HP: 25/68 MP: 8/8
  3272 | D:4      | Found a staircase to the Ecumenical Temple.
  3287 | Temple   | Entered the Ecumenical Temple
  3292 | Temple   | Became a worshipper of Nemelex Xobeh the Trickster
  3319 | Temple   | ^
  3460 | D:4      | Reached skill level 9 in Axes
  3487 | D:4      | Received a gift from Nemelex Xobeh
  3639 | D:4      | Found the cursed +14 obsidian axe {chop, +Fly SInv *Curse}
  3809 | D:5      | Entered Level 5 of the Dungeon
  3911 | D:5      | Found a sparkling altar of Nemelex Xobeh.
  4367 | D:5      | Reached * piety under Nemelex Xobeh
  4908 | D:6      | Found an opulent altar of Gozag.
  5208 | D:6      | Reached skill level 10 in Axes
  5209 | D:6      | Received a gift from Nemelex Xobeh
  5210 | D:6      | Reached XP level 9. HP: 30/75 MP: 9/9
  5787 | D:7      | Found Wutej's Jewellery Emporium.
  5884 | D:7      | Reached skill level 11 in Axes
  5890 | D:7      | Noticed Menkaure
  5896 | D:7      | Killed Menkaure
  6068 | D:7      | Reached ** piety under Nemelex Xobeh
  6068 | D:7      | Received a gift from Nemelex Xobeh
  7133 | D:8      | Found a blossoming altar of Fedhas.
  7156 | D:8      | Noticed Erica
  7163 | D:8      | Killed Erica
  7163 | D:8      | Reached skill level 12 in Axes
  7163 | D:8      | Reached XP level 10. HP: 80/86 MP: 10/10
  7202 | D:8      | Noticed a smoke demon
  7447 | D:8      | Reached skill level 1 in Stealth
  7473 | D:8      | Reached skill level 13 in Axes
  7508 | D:8      | Received a gift from Nemelex Xobeh
  7681 | D:8      | Noticed Joseph
  7687 | D:8      | Killed Joseph
  7825 | D:8      | Found a staircase to the Lair.
  8431 | D:9      | Noticed a smoke demon
  8488 | D:9      | Received a gift from Nemelex Xobeh
  8526 | D:9      | Reached *** piety under Nemelex Xobeh
  8625 | D:9      | Noticed a sun demon
  8970 | D:10     | Entered Level 10 of the Dungeon
  9011 | D:10     | Noticed a gargoyle
  9020 | D:10     | Received a gift from Nemelex Xobeh
  9020 | D:10     | HP: 4/89 [bullfrog skeleton (1)]
  9025 | D:10     | Killed from afar by a bullfrog skeleton

Skill      XL: |  1  2  3  4  5  6  7  8  9 10 |
---------------+-------------------------------+-----
Axes           | 3 4 5 7 8 10 12 13 | 13.8
Fighting       | 4 5 6 7 8 |  8.3
Shields        | 4 5 6 8 9 |  9.2
Armour         | 4 5 6 7 |  7.3
Dodging        | 1 |  1.7
Stealth        | 1 |  1.2

Action                   |  1- 3 |  4- 6 |  7- 9 | 10-12 || total
-------------------------+-------+-------+-------+-------++-------
Melee: War axe           |   100 |   155 |   122 |       ||   377
       Broad axe         |       |       |   110 |   120 ||   230
Evoke: Deck              |       |       |       |     1 ||     1
  Use: Potion            |       |     3 |     3 |     4 ||    10
       Scroll            |       |     8 |     6 |     4 ||    18
 Stab: Distracted        |       |       |       |     2 ||     2
       Invisible         |       |       |       |     1 ||     1
  Eat: Ration            |       |     2 |     4 |     2 ||     8
       Chunk             |       |     1 |       |       ||     1
Armor: Scale mail        |    47 |    33 |       |       ||    80
       Chain mail        |       |    29 |    50 |       ||    79
       Plate armour      |       |       |    15 |    28 ||    43
Dodge: Dodged            |    24 |    35 |    17 |     9 ||    85
Block: Shield            |    69 |    33 |       |       ||   102
       Large shield      |       |    84 |   203 |   122 ||   409
       Reflection        |       |       |       |     8 ||     8
